 Dungeon Crawl Stone Soup version 0.31-a0-986-g5e6e4ef867 (webtiles) character file.

Game seed: 1921775162254355777

4458 Pooter the Grappler (level 10, 0/98 HPs)
             Began as a Troll Hunter on Nov 13, 2023.
             Slain by a gnoll
             ... wielding a +0 spear
             ... led by a gnoll sergeant
              (4 damage)
             ... on level 9 of the Dungeon on Nov 14, 2023.
             The game lasted 00:49:45 (8347 turns).

Pooter the Grappler (Troll Hunter)                  Turns: 8347, Time: 00:49:45

Health: 0/98       AC:  6    Str: 29    XL:     10   Next: 15%
Magic:  8/10       EV: 10    Int:  7    God:
Gold:   285        SH:  0    Dex: 19    Spells: 5/11 levels left

rFire   . .          .
                       - Unarmed
rCold   . . .        (no shield)
rNeg    + . .        p - +2 robe {rN+}
rPois   .            (helmet restricted)
rElec   .            (no cloak)
rCorr   .            (gloves unavailable)
SInv    .            (boots unavailable)
Will    .....        j - amulet of regeneration
Stlth   ++           n - +6 ring of strength
HPRegen 1.96/turn    u - +6 ring of dexterity
MPRegen 0.12/turn

%: no passive effects
@: mighty, lethally poisoned (0 -> -5), on blink cooldown, hasted, very quick
A: large, unfitting armour, claws 3, regeneration 1, shaggy fur 1, tough skin 1
a: no special abilities


You were on level 9 of the Dungeon.
You visited 2 branches of the dungeon, and saw 10 of its levels.

You collected 385 gold pieces.
You spent 100 gold pieces at shops.

Inventory:

Hand Weapons
 b - a +0 orcbow
   (You took it off a centaur on level 5 of the Dungeon)
 v - a +2 short sword of holy wrath
   (You found it on level 4 of the Dungeon)
 w - a +0 morningstar
   (You took it off an orc on level 5 of the Dungeon)
Missiles
 g - 9 javelins
 o - 19 poisoned darts (quivered)
 r - 8 boomerangs
 Q - 106 stones
Armour
 p - a +2 robe of positive energy (worn)
   (You took it off Jessica on level 3 of the Dungeon)
Jewellery
 j - an amulet of regeneration (around neck)
   (You found it on level 3 of the Dungeon)
 k - a ring of ice
   (You found it on level 8 of the Dungeon)
 n - a +6 ring of strength (left claw)
   (You found it on level 2 of the Dungeon)
 u - a +6 ring of dexterity (right claw)
   (You found it on level 5 of the Dungeon)
 B - a +4 ring of protection
   (You found it on level 6 of the Dungeon)
Wands
 c - a wand of charming (1)
   (You took it off Ijyb on level 3 of the Dungeon)
 f - a wand of flame (29)
   (You found it on level 7 of the Dungeon)
Scrolls
 a - a scroll of butterflies
 h - a scroll of revelation
 i - 2 scrolls of identify {@r1}
 l - 3 scrolls of amnesia
 m - 2 scrolls of fear
 t - 3 scrolls of teleportation {@r4}
 x - 3 scrolls of vulnerability {!r}
 y - a scroll of fog
 D - a scroll of poison {!r}
 F - 2 scrolls of enchant armour
Potions
 d - 3 potions of enlightenment
 q - 6 potions of attraction {!q}
 s - a potion of mutation {!q}
 z - a potion of might
 A - a potion of magic


   Skills:
 + Level 5.9 Fighting
 + Level 5.4 Ranged Weapons
 - Level 1.5 Dodging
 - Level 0.3 Stealth
 * Level 9.6 Unarmed Combat
 - Level 1.0 Spellcasting
 + Level 4.0 Translocations


You had 5 spell levels left.
You knew the following spells:

 Your Spells              Type           Power      Damage    Failure   Level
a - Manifold Assault      Tloc           6%         N/A       61%         4
b - Blink                 Tloc           12%        N/A       12%         2

Your spell library contained the following spells:

 Spells                   Type           Power      Damage    Failure   Level
 Magic Dart               Conj           0%         1d3       38%         1
 Volatile Blastmotes      Fire/Tloc      6%         2d10      50%         3
 Call Imp                 Summ           0%         N/A       54%         2
 Ensorcelled Hibernation  Hex/Ice        0%         N/A       54%         2
 Jinxbite                 Hex            0%         N/A       54%         2
 Passwall                 Tmut/Erth      0%         N/A       54%         2
 Dazzling Flash           Conj/Hex       0%         N/A       77%         3
 Mephitic Cloud           Conj/Pois/Air  0%         N/A       77%         3
 Swiftness                Air            0%         N/A       77%         3
 Iskenderun's Mystic Bla  Conj/Tloc      3%         2d3       88%         4
 Anguish                  Hex/Necr       0%         N/A       99%         4
 Fulminant Prism          Conj/Hex       0%         3d5       99%         4
 Agony                    Necr           0%         N/A       100%        5
 Silence                  Hex/Air        0%         N/A       100%        5


Dungeon Overview and Level Annotations

Branches:
Dungeon (9/15) Zot: 26748  Temple (1/1) D:7 Zot: 5916
   Lair: D:8-11         Orc: D:9-12

Altars:
Ashenzari
Cheibriados
Dithmenos
Elyvilon
Fedhas
Hepliaklqana
Kikubaaqudgha
Makhleb
Nemelex Xobeh
Qazlal
Ru
Sif Muna
Trog
Uskayaw
Vehumet
Xom
Yredelemnul
Zin
The Shining One

Shops:
D:4 ?   D:7 *


Innate Abilities, Weirdness & Mutations

You are too large for most types of armour.
You have claws for hands.
Your natural rate of healing is unusually fast.
You are covered in fur. (AC +1)
You have tough skin. (AC +1)


Message History

You are more poisoned.
A magic dart appears from out of thin air!
The magic dart hits you.
* * * LOW HITPOINT WARNING * * *
You feel better.
The gnoll hits you from afar with a +0 spear.
* * * LOW HITPOINT WARNING * * *
The gnoll closely misses you.
The gnoll sergeant hits you from afar with a +0 trident of venom!
* * * LOW HITPOINT WARNING * * *
You are poisoned.
Casting: Blink (safe; 12% risk of failure)
Confirm with . or Enter, or press ? or * to list all spells.
You are still too unstable to blink.
Unknown command.
You feel much better.
You feel very sick.
A puff of flame appears from out of thin air!
The puff of flame hits you.
* * * LOW HITPOINT WARNING * * *
You feel very sick. The gnoll barely misses you.
The gnoll hits you but does no damage.
The gnoll sergeant hits you with a +0 trident of venom!
* * * LOW HITPOINT WARNING * * *
You are more poisoned.
The gnoll closely misses you.
You completely miss the gnoll sergeant.
You feel very sick.
You closely miss the gnoll sergeant.
You feel very sick.
Reactivating autopickup.
You feel a bit more experienced. The gnoll hits you with a +0 spear.
* * * LOW HITPOINT WARNING * * *
The gnoll hits you with a +0 spear.
* * * LOW HITPOINT WARNING * * *
The gnoll sergeant barely misses you. The gnoll closely misses you.
You mangle the gnoll sergeant!!
You kill the gnoll sergeant!
* * * LOW HITPOINT WARNING * * *
You feel very sick.
The gnoll barely misses you. x2; The gnoll hits you with a +0 spear.
* * * LOW HITPOINT WARNING * * *
* * * LOW HITPOINT WARNING * * *
You feel very sick.
Items here: (( ))) [[.
Unknown command.
You scratch the gnoll.
* * * LOW HITPOINT WARNING * * *
You feel sick. The gnoll barely misses you.
The gnoll hits you from afar with a +0 spear.
You die...

..#..
##...###...# # .
#.###.#.#..# .
..##.##...#.#
...##...##...# ##
#..#### .# #.
###..#..#
..#######...#
###.....((####.#
........)@g...##
.................
..##...(gg......
......####....#..
###### #..## .
..# .... ...#. ..


You could see 3 gnolls.

Vanquished Creatures
  Erolcha (D:9)
  A manticore (D:9)
  Jeremiah (D:8)
  A kobold demonologist (D:8)
  Grinder (D:6)
  An acid dragon (D:9)
  A water moccasin (D:7)
  2 orc warriors
  Pargi (D:3)
  2 sky beasts
  An ice beast (D:7)
  A black bear (D:6)
  2 centaurs
  3 kobold brigands (D:7)
  2 bullfrogs
  A gnoll sergeant (D:9)
  A scorpion (D:6)
  A killer bee (D:9)
  4 howler monkeys
  A bullfrog zombie (D:6)
  2 centaur zombies (D:6)
  A jelly (D:8)
  3 orc priests
  A gnoll bouda (D:4)
  A sleepcap (D:4)
  Ijyb (D:3)
  Jessica (D:3)
  14 orc wizards
  An iguana (D:5)
  Terence (D:2)
  3 howler monkey zombies (D:6)
  7 gnolls
  10 adders
  A shadow imp (D:5)
  2 ufetubi (D:6)
  A worm (D:4)
  6 dart slugs
  44 orcs
  9 endoplasms
  4 giant cockroaches
  7 goblins
  A hobgoblin (D:1)
  7 jackals
  19 kobolds
  2 quokkas
  4 bats
  4 frilled lizards
  5 rats
191 creatures vanquished.

Vanquished Creatures (collateral kills)
  An orc wizard (D:7)
  3 orcs (D:7)
4 creatures vanquished.

Vanquished Creatures (others)
  An orc priest (D:5)
  An orc (D:5)
  A kobold (D:7)
3 creatures vanquished.

Grand Total: 198 creatures vanquished

Notes
Turn   | Place    | Note
-------+----------+-------------------------------------------
     0 | D:1      | Pooter the Troll Hunter began the quest for the Orb.
     0 | D:1      | Reached XP level 1. HP: 19/19 MP: 0/0
    74 | D:1      | Reached XP level 2. HP: 28/28 MP: 1/1
    77 | D:1      | Reached skill level 1 in Unarmed Combat
   296 | D:1      | Reached XP level 3. HP: 35/35 MP: 2/2
   753 | D:2      | Identified the +5 hand axe of Corruption {protect, Int+2}
   919 | D:2      | Reached skill level 2 in Unarmed Combat
  1071 | D:2      | Noticed Terence
  1087 | D:2      | Killed Terence
  1088 | D:2      | Reached XP level 4. HP: 36/42 MP: 2/4
  1223 | D:3      | Noticed Jessica
  1234 | D:3      | Killed Jessica
  1494 | D:3      | Noticed Ijyb
  1519 | D:3      | Killed Ijyb
  1520 | D:3      | Reached skill level 1 in Spellcasting
  1520 | D:3      | Reached XP level 5. HP: 48/50 MP: 5/5
  1801 | D:3      | Noticed Pargi
  1821 | D:3      | Killed Pargi
  1822 | D:3      | Reached skill level 3 in Unarmed Combat
  2293 | D:4      | Found Paphuigg's Magic Scroll Shoppe.
  2305 | D:4      | Bought a scroll of identify for 20 gold pieces
  2305 | D:4      | Bought a scroll of identify for 20 gold pieces
  2307 | D:4      | Bought a scroll of identify for 20 gold pieces
  2352 | D:4      | Reached XP level 6. HP: 59/59 MP: 6/6
  2501 | D:4      | Reached skill level 4 in Unarmed Combat
  2964 | D:5      | Entered Level 5 of the Dungeon
  3266 | D:5      | Reached XP level 7. HP: 63/67 MP: 7/7
  3954 | D:5      | Reached skill level 5 in Unarmed Combat
  4078 | D:5      | Learned a level 4 spell: Manifold Assault
  4121 | D:5      | Found a glowing silver altar of Zin.
  4583 | D:4      | Bought a scroll of fog for 40 gold pieces
  4627 | D:6      | Noticed Grinder
  4651 | D:6      | Killed Grinder
  4652 | D:6      | Reached skill level 6 in Unarmed Combat
  4652 | D:6      | Reached skill level 1 in Translocations
  4652 | D:6      | Reached XP level 8. HP: 78/78 MP: 8/8
  5062 | D:6      | Found a bloodstained altar of Trog.
  5098 | D:6      | Found a basalt altar of Yredelemnul.
  5374 | D:7      | Reached skill level 7 in Unarmed Combat
  5678 | D:7      | Found a sacrificial altar of Ru.
  5863 | D:7      | Found a shadowy altar of Dithmenos.
  5888 | D:7      | Reached XP level 9. HP: 85/87 MP: 9/9
  5929 | D:7      | Found Waarche's Whimsical Warehouse.
  6200 | D:7      | Found a staircase to the Ecumenical Temple.
  6450 | Temple   | Entered the Ecumenical Temple
  6741 | D:8      | Reached skill level 5 in Fighting
  7187 | D:8      | Noticed Jeremiah
  7209 | D:8      | Killed Jeremiah
  7210 | D:8      | Reached skill level 8 in Unarmed Combat
  7229 | D:8      | Learned a level 2 spell: Blink
  7252 | D:8      | Found a sparkling altar of Nemelex Xobeh.
  7297 | D:8      | Noticed a kobold demonologist
  7299 | D:8      | Noticed a red devil
  7302 | D:8      | Noticed a rust devil
  7520 | D:8      | Noticed an orange demon
  7529 | D:8      | Killed a kobold demonologist
  7530 | D:8      | Reached skill level 5 in Ranged Weapons
  7949 | D:8      | Found a broken altar of Ashenzari.
  7949 | D:8      | Found a shimmering altar of Xom.
  8221 | D:9      | Noticed a manticore
  8225 | D:9      | Reached skill level 9 in Unarmed Combat
  8228 | D:9      | Killed a manticore
  8308 | D:9      | Noticed Erolcha
  8319 | D:9      | Killed Erolcha
  8320 | D:9      | Reached XP level 10. HP: 65/98 MP: 10/10
  8347 | D:9      | HP: 4/98 [poisoned by a gnoll sergeant]
  8347 | D:9      | Slain by a gnoll

Illustrated notes

Levels and vault maps discovered:
D:1:      dpeg_arrival_orchard, layout_rooms
D:2:      layout_loops_cross, uniq_terence
D:3:      layout_rooms, nicolae_the_louvre, uniq_ijyb, uniq_jessica, uniq_pargi
D:4:      layout_basic, serial_shops, shop, nicolae_twisty_statue_hallways
D:5:      layout_loops_ring, mainiacjoe_overflow_boulevard, grunt_tough_drop
D:6:      layout_rooms, nicolae_yredelemnul_corpse_copse,
          mainiacjoe_overflow_concentric_impassable, minmay_misc_feat_room,
          chequers_decorated_corner, hangedman_decor_peaks_small,
          nicolae_half_adder, uniq_grinder
D:7:      layout_loops_ring, hangedman_ru_absence, mainiacjoe_overflow_alcove_2,
          lemuel_temple_firewalk_a, minmay_parallelograms,
          nicolae_alphabet_shops
D:8:      layout_rooms, nemelex_altar_shiori, gammafunk_temple_overflow_statue,
          serial_co_window_serial, co_window_paths_a, co_window_corner_a,
          co_window_paths_b, co_window_corner_a, co_window_corner_a,
          co_window_paths_c, co_window_2corner, co_window_paths_c,
          co_window_of_opportunity_b, co_window_corner_b,
          co_window_of_opportunity_b, glass_columns_a, glass_columns_a,
          glass_columns_a, glass_columns_a, glass_columns_b, minivault_26,
          uniq_jeremiah
D:9:      minmay_ornate_pinched, layout_cave_pools,
          nicolae_wu_jian_immortal_techniques, uniq_erolcha, uniq_erica
Temple:   nicolae_temple_bog_church

Skill      XL: |  1  2  3  4  5  6  7  8  9 |
---------------+----------------------------+-----
Unarmed Combat | 1 2 3 4 6 7 9 |  9.6
Fighting       | 2 3 4 5 |  5.9
Ranged Weapons | 3 4 5 |  5.4
Spellcasting   | 1 |  1.0
Translocations | 1 2 4 |  4.0
Dodging        | |  1.5
Stealth        | |  0.3

Action                     |  1- 3 |  4- 6 |  7- 9 | 10-12 || total
---------------------------+-------+-------+-------+-------++-------
  Melee: Unarmed           |    44 |    90 |   210 |     9 ||   353
         Punch             |       |       |     8 |       ||     8
   Fire: Shortbow          |    71 |   117 |     8 |       ||   196
         Orcbow            |       |       |   134 |       ||   134
  Throw: Dart              |       |     6 |     6 |    13 ||    25
   Cast: Blink             |       |       |       |     1 ||     1
  Evoke: Wand              |       |       |    13 |       ||    13
    Use: Scroll            |     3 |     9 |     9 |       ||    21
         Potion            |       |       |     2 |     2 ||     4
   Stab: Sleeping          |     1 |       |       |       ||     1
 Armour: Robe              |    42 |    78 |   194 |    22 ||   336
  Dodge: Dodged            |    34 |    52 |   117 |    10 ||   213

Table legend: (Time is in decaauts)
 A = Elapsed time spent in this place.
 B = Non-inter-level travel time spent in this place.
 C = Inter-level travel time spent in this place.
 D = Time resting spent in this place.
 E = Time spent auto-exploring this place.
 F = Levels seen in this place.
 G = Mean time per level.
                   A        B        C        D        E       F      G
               +--------+--------+--------+--------+--------+-----+--------+
         Total |   8327 |   7991 |    336 |   2072 |   4327 |  10 |  832.7 |
       Dungeon |   8243 |   7928 |    315 |   2072 |   4327 |   9 |  915.9 |
        Temple |     83 |     62 |     21 |      0 |      0 |   1 |   83.0 |
               +--------+--------+--------+--------+--------+-----+--------+

Top non-repeatable levels by time:
     D:8: 1486 daAuts
     D:5: 1455 daAuts
     D:7: 1183 daAuts
     D:3: 1012 daAuts
     D:4: 957 daAuts
     D:6: 686 daAuts
     D:2: 650 daAuts
     D:1: 561 daAuts
     D:9: 251 daAuts
  Temple: 83 daAuts
